[Event "GER-ch Youth-U10 2022"]
[Site "Willingen"]
[Date "2022.06.08"]
[Round "6.18"]
[White "Rinke, Alexander"]
[Black "Fels, Mattis"]
[Result "1/2-1/2"]
[ECO "B01"]
[WhiteElo "1292"]
[BlackElo "1395"]
[Annotator "NA RC COMBH"]
[PlyCount "90"]
[EventDate "2022.06.05"]
[EventType "swiss"]
[EventRounds "11"]
[EventCountry "GER"]
[SourceTitle "playchess.com"]
[Source "ChessBase"]
[SourceQuality "1"]
[TimeControl "40/4500+30:900+30"]

1. e4 d5 2. exd5 Qxd5 3. Nc3 Qa5 4. g3 Nf6 5. Bg2 c6 6. Nge2 Bf5 7. b4 Qc7 8. b5 Qc8 9. O-O Bh3 10. Bxh3 Qxh3 11. Nf4 Qh6 12. d3 g5 13. Ng2 Qh3 14. f3 Rg8 15. Be3 Rg6 16. Qd2 Rh6 17. Ne1 Rh5 18. g4 Rh4 19. Bxg5 Bh6 20. Bxh6 Rxh6 21. Qg2 Qh4 22. Kh1 Nbd7 23. bxc6 bxc6 24. Qf2 Qh3 25. g5 Rh5 26. gxf6 Nxf6 27. Ne4 Nxe4 28. fxe4 Rb8 29. Qxf7+ Kd7 30. Qf2 Rf8 31. Nf3 Rxf3 32. Qg2 Qxg2+ 33. Kxg2 Rfh3 34. Rh1 Re3 35. Rae1 Rxe1 36. Rxe1 Ra5 37. Ra1 Rc5 38. c4 Ke6 39. Kf3 Ke5 40. Ke3 Ra5 41. d4+ Kd6 42. e5+ Ke6 43. Ke4 h6 44. Rd1 Ra4 45. Rd2 Rxc4 1/2-1/2

[Event "GER-ch Youth-U10 2022"]
[Site "Willingen"]
[Date "2022.06.08"]
[Round "6.20"]
[White "Svanidze, Alexander"]
[Black "Wolf, Noah"]
[Result "1/2-1/2"]
[ECO "C24"]
[WhiteElo "1348"]
[BlackElo "1073"]
[Annotator "NA RC COMBH"]
[PlyCount "42"]
[EventDate "2022.06.05"]
[EventType "swiss"]
[EventRounds "11"]
[EventCountry "GER"]
[SourceTitle "playchess.com"]
[Source "ChessBase"]
[SourceQuality "1"]
[TimeControl "40/4500+30:900+30"]

1. e4 e5 2. Nf3 Nc6 3. Bc4 Nf6 4. d3 d5 5. exd5 Nxd5 6. h3 h6 7. Bd2 Bc5 8. Nc3 Nb6 9. Bb3 Bd7 10. Qe2 Qe7 11. Ne4 O-O-O 12. Nxc5 Qxc5 13. O-O-O Bf5 14. Bxf7 Bxd3 15. Be6+ Kb8 16. Be3 Bxe2 17. Rxd8+ Rxd8 18. Bxc5 Na4 19. Be3 Rd6 20. Bb3 Nb6 21. Nd2 Na5 1/2-1/2

[Event "GER-ch Youth-U10 2022"]
[Site "Willingen"]
[Date "2022.06.08"]
[Round "6.21"]
[White "Yao, Haiyang"]
[Black "Hagn, Tobias"]
[Result "1-0"]
[ECO "C50"]
[WhiteElo "1098"]
[BlackElo "1337"]
[Annotator "NA RC COMBH"]
[PlyCount "85"]
[EventDate "2022.06.05"]
[EventType "swiss"]
[EventRounds "11"]
[EventCountry "GER"]
[SourceTitle "playchess.com"]
[Source "ChessBase"]
[SourceQuality "1"]
[TimeControl "40/4500+30:900+30"]

1. e4 e5 2. Nf3 Nc6 3. Bc4 Bc5 4. Nc3 Nf6 5. d3 d6 6. Bg5 h6 7. Bh4 Be6 8. Bb3 Bb4 9. O-O g5 10. Bg3 Bxc3 11. bxc3 Bg4 12. h3 Bxf3 13. Qxf3 Qe7 14. a4 Na5 15. h4 c6 16. Rae1 Nxb3 17. cxb3 Kd7 18. d4 g4 19. Qd3 Kc7 20. d5 cxd5 21. exd5 Rac8 22. c4 Kb8 23. b4 Nd7 24. f4 f6 25. Qe3 Rxc4 26. Bf2 b6 27. a5 Rxb4 28. axb6 Nxb6 29. fxe5 fxe5 30. Qa3 Ra4 31. Qb3 Qb7 32. Rb1 Ra6 33. Qb4 Qxd5 34. Rfd1 Qc6 35. Rxd6 Qc7 36. Qd2 h5 37. Bg3 Re8 38. Rd7 Qc6 39. Rd8+ Rxd8 40. Qxd8+ Qc8 41. Bxe5+ Ka8 42. Qxc8+ Nxc8 43. Rb8# 1-0

[Event "GER-ch Youth-U10 2022"]
[Site "Willingen"]
[Date "2022.06.08"]
[Round "6.23"]
[White "Andersen, Jonatan M"]
[Black "Wagener, Nicolas"]
[Result "1/2-1/2"]
[ECO "B40"]
[WhiteElo "1857"]
[BlackElo "1315"]
[Annotator "NA RC COMBH"]
[PlyCount "116"]
[EventDate "2022.06.05"]
[EventType "swiss"]
[EventRounds "11"]
[EventCountry "GER"]
[SourceTitle "playchess.com"]
[Source "ChessBase"]
[SourceQuality "1"]
[TimeControl "40/4500+30:900+30"]

1. e4 c5 2. Nf3 e6 3. c3 d5 4. e5 d4 5. Qa4+ Bd7 6. Bb5 Nc6 7. cxd4 cxd4 8. Bxc6 Bxc6 9. Qxd4 Qxd4 10. Nxd4 Bxg2 11. Rg1 Bd5 12. Nc3 a6 13. Nxd5 exd5 14. e6 Nf6 15. exf7+ Kxf7 16. b3 Ne4 17. Bb2 Bb4 18. Rd1 Rae8 19. Ne2 Rhg8 20. f3 Nf6 21. Kf2 Re7 22. a3 Bd6 23. Ng3 g6 24. Rde1 Rc8 25. Rc1 Rec7 26. b4 a5 27. bxa5 Bc5+ 28. Kg2 Bxg1 29. Rxc7+ Rxc7 30. Kxg1 Nd7 31. Kf2 Rc2 32. Bc3 d4 33. Bb4 Nb8 34. Ke2 Nc6 35. Kd3 Nxb4+ 36. axb4 Rb2 37. Kxd4 Rxd2+ 38. Kc5 Rxh2 39. Ne4 Rc2+ 40. Kb5 h5 41. Kb6 Rb2 42. Kxb7 Rxb4+ 43. Kc6 h4 44. a6 h3 45. Ng5+ Kf6 46. Nxh3 Ke5 47. a7 Ra4 48. Kb7 Kd4 49. a8=Q Rxa8 50. Kxa8 Ke3 51. Ng5 Kf4 52. Nf7 Kf5 53. Kb7 Kf6 54. Nd6 Ke6 55. Kc6 g5 56. Ne4 Kf5 57. Kd5 g4 58. fxg4+ Kxg4 1/2-1/2

[Event "GER-ch Youth-U10 2022"]
[Site "Willingen"]
[Date "2022.06.08"]
[Round "6.24"]
[White "Leonhardt, Max"]
[Black "Antonius, Richard-Malte"]
[Result "1-0"]
[ECO "D60"]
[WhiteElo "1114"]
[BlackElo "1106"]
[Annotator "NA RC COMBH"]
[PlyCount "181"]
[EventDate "2022.06.05"]
[EventType "swiss"]
[EventRounds "11"]
[EventCountry "GER"]
[SourceTitle "playchess.com"]
[Source "ChessBase"]
[SourceQuality "1"]
[TimeControl "40/4500+30:900+30"]

1. d4 d5 2. c4 e6 3. Nc3 Nf6 4. Nf3 Nbd7 5. Bg5 c6 6. e3 Be7 7. Bd3 h6 8. Bh4 O-O 9. O-O Re8 10. Re1 Bd6 11. Qc2 dxc4 12. Bxc4 g6 13. e4 Be7 14. Bd3 Kg7 15. Rad1 Nf8 16. e5 Nd5 17. Bxe7 Rxe7 18. Nxd5 cxd5 19. h3 Rc7 20. Qd2 Bd7 21. Nh2 Rac8 22. Ng4 Qg5 23. Qxg5 hxg5 24. Kh2 a6 25. Kg3 Bb5 26. Bxb5 axb5 27. Re2 Rc2 28. Rde1 R2c4 29. Rd2 Rc2 30. Ree2 Rxd2 31. Rxd2 Rc4 32. Nf6 Rb4 33. Kg4 Kh6 34. a3 Ra4 35. g3 b4 36. axb4 Rxb4 37. Ng8+ Kg7 38. Nf6 Kh6 39. f3 b5 40. h4 gxh4 41. Kxh4 g5+ 42. Kg4 Kg6 43. f4 gxf4 44. gxf4 Nh7 45. Nxh7 Kxh7 46. Kh5 Rb3 47. Kg5 Kg7 48. Rg2 Rh3 49. Rd2 Rb3 50. Kg4 Rb4 51. f5 exf5+ 52. Kxf5 Kf8 53. e6 Ke7 54. exf7 Kxf7 55. Ke5 Ke7 56. Kxd5 Kd7 57. Kc5 Rb3 58. d5 Re3 59. Kxb5 Re5 60. Kc5 Kc7 61. b4 Re8 62. d6+ Kd7 63. Rd4 Rc8+ 64. Kd5 Rb8 65. Kc4 Rc8+ 66. Kb3 Rc6 67. Ka4 Rxd6 68. Rxd6+ Kxd6 69. Kb5 Kc7 70. Ka6 Kc8 71. Ka7 Kc7 72. b5 Kc8 73. b6 Kd7 74. b7 Kd6 75. b8=Q+ Kd5 76. Kb6 Kd4 77. Qc7 Kd5 78. Qc5+ Ke4 79. Qd6 Ke3 80. Qb4 Kd3 81. Kc5 Ke3 82. Qc4 Kf3 83. Qd4 Ke2 84. Qc3 Kf2 85. Qd3 Kg2 86. Qe3 Kh2 87. Qg5 Kh3 88. Kd4 Kh2 89. Ke3 Kh1 90. Kf2 Kh2 91. Qh4# 1-0

[Event "GER-ch Youth-U10 2022"]
[Site "Willingen"]
[Date "2022.06.08"]
[Round "6.26"]
[White "Menke, Raphael Wilhelm"]
[Black "Mulgunov, Jefim Nikolaj"]
[Result "1-0"]
[ECO "C45"]
[WhiteElo "1212"]
[BlackElo "1055"]
[Annotator "NA RC COMBH"]
[PlyCount "29"]
[EventDate "2022.06.05"]
[EventType "swiss"]
[EventRounds "11"]
[EventCountry "GER"]
[SourceTitle "playchess.com"]
[Source "ChessBase"]
[SourceQuality "1"]
[TimeControl "40/4500+30:900+30"]

1. e4 e5 2. Nf3 Nc6 3. d4 exd4 4. Nxd4 Bc5 5. Be3 Qf6 6. c3 Qg6 7. Qf3 Nf6 8. Nd2 O-O 9. Nxc6 Bxe3 10. Ne7+ Kh8 11. Nxg6+ fxg6 12. Qxe3 d5 13. e5 Re8 14. h3 Nd7 15. f4 1-0

[Event "GER-ch Youth-U10 2022"]
[Site "Willingen"]
[Date "2022.06.08"]
[Round "6.27"]
[White "Wetzig, Karl Anton"]
[Black "Classen, Marnin"]
[Result "0-1"]
[ECO "C01"]
[WhiteElo "884"]
[BlackElo "1168"]
[Annotator "NA RC COMBH"]
[PlyCount "76"]
[EventDate "2022.06.05"]
[EventType "swiss"]
[EventRounds "11"]
[EventCountry "GER"]
[SourceTitle "playchess.com"]
[Source "ChessBase"]
[SourceQuality "1"]
[TimeControl "40/4500+30:900+30"]

1. e4 e6 2. d4 d5 3. exd5 exd5 4. Bd3 Nf6 5. Nf3 Bg4 6. O-O Be7 7. Bf4 O-O 8. Nbd2 Bd6 9. Bxd6 Qxd6 10. Re1 Nbd7 11. h3 Bh5 12. c3 Rfe8 13. Qc2 Rad8 14. a4 c6 15. b4 a6 16. g3 Qc7 17. Kg2 Nf8 18. a5 Ne6 19. Nh4 Bg6 20. Nxg6 hxg6 21. Re2 Re7 22. Rae1 Rde8 23. Nf3 Nh5 24. Ne5 Nf6 25. f4 Nd7 26. h4 Nxe5 27. fxe5 g5 28. Kh3 gxh4 29. gxh4 Nf4+ 30. Kg3 Nxe2+ 31. Rxe2 f6 32. Bh7+ Kh8 33. Qf5 fxe5 34. Bg6 exd4+ 35. Kf3 Re3+ 36. Rxe3 Rxe3+ 37. Kf2 Qg3+ 38. Kf1 Re1# 0-1

[Event "GER-ch Youth-U10 2022"]
[Site "Willingen"]
[Date "2022.06.08"]
[Round "7.1"]
[White "Nezhyvenko, Mykhaylo"]
[Black "Rau, Eduard"]
[Result "1-0"]
[ECO "C50"]
[WhiteElo "1488"]
[BlackElo "1406"]
[Annotator "NA RC COMBH"]
[PlyCount "91"]
[EventDate "2022.06.05"]
[EventType "swiss"]
[EventRounds "11"]
[EventCountry "GER"]
[SourceTitle "playchess.com"]
[Source "ChessBase"]
[SourceQuality "1"]
[TimeControl "40/4500+30:900+30"]

1. e4 e5 2. Nf3 Nc6 3. Bc4 Nf6 4. d3 Bc5 5. Nbd2 a6 6. a4 d6 7. Nf1 Be6 8. Ng3 Bxc4 9. dxc4 h5 10. Bg5 Qe7 11. Nf5 Qf8 12. Qe2 Ng4 13. O-O f6 14. Bd2 g6 15. N5h4 Qf7 16. Rab1 a5 17. c3 Bb6 18. b4 axb4 19. cxb4 Rxa4 20. c5 dxc5 21. bxc5 Bxc5 22. Qb5 Bxf2+ 23. Rxf2 Qa2 24. Qxb7 O-O 25. Rff1 Rb8 26. Qxc6 Rxb1 27. Qe8+ Kg7 28. Qd7+ Kg8 29. Qc8+ Kg7 30. Qxc7+ Kg8 31. Qd8+ Kg7 32. Qe7+ Kg8 33. Qe8+ Kg7 34. Qxg6+ Kf8 35. Bh6+ Ke7 36. Nf5+ Kd8 37. Bc1 Qc4 38. Rd1+ Kc7 39. Qg7+ Kc6 40. Qd7+ Kb6 41. Be3+ Nxe3 42. Rxb1+ Rb4 43. Qd6+ Ka5 44. Qxb4+ Qxb4 45. Rxb4 Kxb4 46. Nxe3 1-0

[Event "GER-ch Youth-U10 2022"]
[Site "Willingen"]
[Date "2022.06.08"]
[Round "7.2"]
[White "Zhang, Yibo"]
[Black "Kateryniuk, Ivan"]
[Result "1-0"]
[ECO "C43"]
[WhiteElo "1436"]
[BlackElo "1187"]
[Annotator "NA RC COMBH"]
[PlyCount "47"]
[EventDate "2022.06.05"]
[EventType "swiss"]
[EventRounds "11"]
[EventCountry "GER"]
[SourceTitle "playchess.com"]
[Source "ChessBase"]
[SourceQuality "1"]
[TimeControl "40/4500+30:900+30"]

1. e4 e5 2. Nf3 Nf6 3. d4 Nxe4 4. Bd3 d5 5. Nxe5 Nd7 6. Nc3 Nxc3 7. bxc3 Nxe5 8. dxe5 Bc5 9. O-O c6 10. Kh1 h5 11. f4 Bg4 12. Qe1 Qd7 13. f5 O-O-O 14. Rb1 g6 15. Be3 Bxe3 16. Qxe3 Kb8 17. Ba6 b6 18. fxg6 fxg6 19. Rf4 Rde8 20. Rxb6+ axb6 21. Qxb6+ Ka8 22. Ra4 Re7 23. Bb7+ Kb8 24. Ra8# 1-0

[Event "GER-ch Youth-U10 2022"]
[Site "Willingen"]
[Date "2022.06.08"]
[Round "7.3"]
[White "Campora, Daniel H."]
[Black "Zimmer, Tim"]
[Result "1-0"]
[ECO "D00"]
[WhiteElo "2397"]
[BlackElo "1164"]
[Annotator "TA"]
[PlyCount "47"]
[EventDate "2022.06.05"]
[EventType "swiss"]
[EventRounds "11"]
[EventCountry "GER"]
[SourceTitle "playchess.com"]
[Source "ChessBase"]
[SourceQuality "1"]
[TimeControl "40/4500+30:900+30"]

1. d4 d5 2. e3 e6 3. Bd3 Nf6 4. Nd2 Bd6 5. f4 Nbd7 6. Ngf3 {[%emt 0:00:36] D00: 1 d4 d5: Unusual lines.} O-O 7. O-O Re8 (7... c5 $11 {should be considered.}) 8. Ne5 $14 {[%emt 0:00:43] White is slightly better.} c5 9. c3 c4 (9... g6 $11) 10. Bc2 $16 {[%emt 0:00:18] [#] White is more active.} b5 $146 ({Predecessor:} 10... Nf8 11. Rf3 g6 12. Rh3 Qc7 13. g4 Kg7 14. g5 Nh5 15. Nf1 f6 16. gxf6+ Nxf6 {1-0 (37) Boisyvon,C (1210)-Wolfangel,J (1411) Sautron 2013}) 11. e4 Nb6 12. Qe2 Bb7 {[%emt 0:02:33] [#]} 13. exd5 (13. Nxf7 $1 $16 Kxf7 14. e5) 13... Nfxd5 $2 {[%emt 0:03:01][%mdl 8192] [#] Black cannot hold the game after this.} (13... exd5 $11 {and Black stays safe.} 14. g4 Ne4) 14. Bxh7+ $1 $18 Kf8 15. Qh5 Qc7 {[%emt 0:02:18] [#]} 16. Be4 (16. Bg6 $142 $1 ) 16... Nf6 17. Qe2 Nbd5 (17... Nxe4 $16 {might work better.} 18. Nxe4 Bxe4) 18. a3 Nxe4 (18... Ne7 {was necessary.} 19. a4 a6) 19. Nxe4 a5 20. Nxd6 ({Less strong is} 20. Qh5 Nf6 21. Nxf6 gxf6 $18) 20... Qxd6 21. Qh5 g6 $2 (21... Qc7 22. Qh8+ Ke7 23. Qxg7 Kd6 24. Nxf7+ Kc6 25. Ne5+ Kd6 26. Nf7+ Kc6 27. Ne5+ Kb6 28. Qxc7+ Kxc7) 22. Qh8+ (22. Qh7 $142 Qc7 23. f5) 22... Ke7 23. Qg7 Rab8 $2 (23... Rf8 24. Nxg6+ Kd7) 24. Nxf7 $2 {[%emt 0:02:02] Weighted Error Value: White=0.83/Black=0.74} (24. f5 Qxe5 25. Qxe5 gxf5 26. Rxf5) 1-0

[Event "GER-ch Youth-U10 2022"]
[Site "Willingen"]
[Date "2022.06.08"]
[Round "7.4"]
[White "Shen, Tingrui"]
[Black "Allen, Phillipp"]
[Result "1-0"]
[ECO "B12"]
[WhiteElo "1621"]
[BlackElo "1467"]
[Annotator "NA RC COMBH"]
[PlyCount "47"]
[EventDate "2022.06.05"]
[EventType "swiss"]
[EventRounds "11"]
[EventCountry "GER"]
[SourceTitle "playchess.com"]
[Source "ChessBase"]
[SourceQuality "1"]
[TimeControl "40/4500+30:900+30"]

1. e4 c6 2. d4 d5 3. e5 Bf5 4. Nd2 e6 5. Nb3 Nd7 6. Nf3 c5 7. dxc5 Bxc5 8. Bb5 Bb6 9. O-O a6 10. Bd3 Ne7 11. Bxf5 Nxf5 12. c3 h6 13. Nbd4 Ne7 14. Re1 Nc6 15. h3 O-O 16. Bf4 Bxd4 17. cxd4 b5 18. Qd2 Kh7 19. Qc2+ Kg8 20. Qxc6 Rc8 21. Qxa6 Rc4 22. b3 Nb8 23. Qxb5 Qc7 24. bxc4 1-0

[Event "GER-ch Youth-U10 2022"]
[Site "Willingen"]
[Date "2022.06.08"]
[Round "7.5"]
[White "Dotschuweit, Erik"]
[Black "Vartanian, Roman"]
[Result "1-0"]
[ECO "B50"]
[WhiteElo "1323"]
[BlackElo "1511"]
[Annotator "NA RC COMBH"]
[PlyCount "117"]
[EventDate "2022.06.05"]
[EventType "swiss"]
[EventRounds "11"]
[EventCountry "GER"]
[SourceTitle "playchess.com"]
[Source "ChessBase"]
[SourceQuality "1"]
[TimeControl "40/4500+30:900+30"]

1. e4 c5 2. Nf3 d6 3. c3 Nf6 4. Bd3 Nbd7 5. O-O e6 6. Bc2 Be7 7. d4 cxd4 8. cxd4 Qc7 9. Nc3 a6 10. Re1 O-O 11. e5 dxe5 12. dxe5 Ng4 13. Bf4 Bc5 14. Ne4 f5 15. Nfg5 Qb6 16. Nxc5 Nxc5 17. h3 Nxf2 18. Qd4 Nfe4 19. Nxe4 fxe4 20. Be3 Bd7 21. Qxc5 Qxc5 22. Bxc5 Rfc8 23. b4 b6 24. Bxe4 bxc5 25. Bxa8 Rxa8 26. bxc5 Rc8 27. Red1 Bc6 28. Rd6 Bd5 29. Rc1 Kf7 30. Rxa6 Kg6 31. a4 Kf5 32. c6 Rc7 33. Rb1 Kxe5 34. Rb7 Rxb7 35. cxb7 Bxb7 36. Ra7 Bc6 37. Rxg7 Bxa4 38. Rxh7 Bc2 39. Rf7 Bg6 40. Rf8 Kd4 41. Kf2 e5 42. g4 Kd5 43. Rf6 Be8 44. Ke3 Bd7 45. Rf3 Ke6 46. g5 Be8 47. h4 Bh5 48. Rf6+ Kd5 49. g6 e4 50. g7 Ke5 51. g8=Q Kxf6 52. Qg5+ Ke6 53. Qxh5 Kf6 54. Qg5+ Kf7 55. Kxe4 Ke8 56. Qg7 Kd8 57. Kd5 Ke8 58. Kd6 Kd8 59. Qd7# 1-0

[Event "GER-ch Youth-U10 2022"]
[Site "Willingen"]
[Date "2022.06.08"]
[Round "7.6"]
[White "Li, Yunqi"]
[Black "Rohatgi, Kushagra"]
[Result "1-0"]
[ECO "B28"]
[WhiteElo "1312"]
[BlackElo "1222"]
[Annotator "NA RC COMBH"]
[PlyCount "103"]
[EventDate "2022.06.05"]
[EventType "swiss"]
[EventRounds "11"]
[EventCountry "GER"]
[SourceTitle "playchess.com"]
[Source "ChessBase"]
[SourceQuality "1"]
[TimeControl "40/4500+30:900+30"]

1. e4 c5 2. Nf3 a6 3. d4 cxd4 4. Nxd4 Nf6 5. Nc3 e5 6. Nb3 Bb4 7. Bc4 Bxc3+ 8. bxc3 Qc7 9. Qd3 O-O 10. a4 h6 11. Ba3 Re8 12. O-O Nc6 13. Rae1 b6 14. Bd6 Qd8 15. f4 exf4 16. e5 Ng4 17. Qf5 Ngxe5 18. Bd5 Qf6 19. Qxf6 gxf6 20. a5 bxa5 21. Nxa5 Ra7 22. Nxc6 dxc6 23. Bxc6 Re6 24. Bxe5 fxe5 25. Bd5 Ree7 26. c4 Bb7 27. Rxf4 Bxd5 28. Rg4+ Kh7 29. cxd5 Rad7 30. c4 Rd6 31. Rge4 f6 32. Rc1 f5 33. Ree1 e4 34. g3 Kg7 35. Kf2 Kf7 36. Ke3 Ke8 37. Kd4 Red7 38. Rf1 Rf7 39. c5 Rd8 40. d6 Rc8 41. Kd5 Kd8 42. Ke6 Rf8 43. c6 Re8+ 44. Kd5 e3 45. d7 e2 46. dxe8=Q+ Kxe8 47. Rfe1 Kd8 48. Kd6 a5 49. Rxe2 Rc7 50. Rce1 Rxc6+ 51. Kxc6 a4 52. Re8# 1-0

[Event "GER-ch Youth-U10 2022"]
[Site "Willingen"]
[Date "2022.06.08"]
[Round "7.7"]
[White "Junge, Mattheo Gabriel"]
[Black "Fischermann, Simon"]
[Result "0-1"]
[ECO "C56"]
[WhiteElo "1132"]
[BlackElo "1344"]
[Annotator "NA RC COMBH"]
[PlyCount "86"]
[EventDate "2022.06.05"]
[EventType "swiss"]
[EventRounds "11"]
[EventCountry "GER"]
[SourceTitle "playchess.com"]
[Source "ChessBase"]
[SourceQuality "1"]
[TimeControl "40/4500+30:900+30"]

1. e4 e5 2. Nf3 Nc6 3. Bc4 Bc5 4. c3 Nf6 5. d4 exd4 6. O-O Nxe4 7. cxd4 d5 8. dxc5 dxc4 9. Qe2 Qd3 10. Re1 f5 11. Nbd2 O-O 12. Nxe4 fxe4 13. Qxe4 Bf5 14. Qh4 c3 15. bxc3 Qxc3 16. Be3 Rae8 17. Rac1 Qa3 18. Qg3 Rf7 19. Bh6 Rd8 20. Re2 Nd4 21. Ree1 Nxf3+ 22. gxf3 Bg6 23. Bf4 Rdf8 24. Bxc7 Rxf3 25. Qg2 Rxf2 26. Qxf2 Rxf2 27. Kxf2 Be4 28. Rxe4 Qxc1 29. Bd6 b6 30. Rf4 h6 31. Kg3 bxc5 32. h4 c4 33. h5 c3 34. Rf8+ Kh7 35. Be5 c2 36. Rf7 Qe3+ 37. Kg4 Qxe5 38. a4 Qe6+ 39. Rf5 c1=Q 40. a5 Qg5+ 41. Kh3 Qexf5+ 42. Kh2 Qf2+ 43. Kh3 Qxh5# 0-1

[Event "GER-ch Youth-U10 2022"]
[Site "Willingen"]
[Date "2022.06.08"]
[Round "7.8"]
[White "Stehning, Toni"]
[Black "Rodriguez Klasen, Ennio"]
[Result "1/2-1/2"]
[ECO "B02"]
[WhiteElo "1097"]
[BlackElo "1315"]
[Annotator "NA RC COMBH"]
[PlyCount "107"]
[EventDate "2022.06.05"]
[EventType "swiss"]
[EventRounds "11"]
[EventCountry "GER"]
[SourceTitle "playchess.com"]
[Source "ChessBase"]
[SourceQuality "1"]
[TimeControl "40/4500+30:900+30"]

1. e4 Nf6 2. Nc3 d5 3. e5 d4 4. exf6 dxc3 5. fxg7 cxd2+ 6. Qxd2 Qxd2+ 7. Bxd2 Bxg7 8. O-O-O Nc6 9. Bb5 Bd7 10. Nf3 O-O-O 11. Ng5 Ne5 12. Bxd7+ Rxd7 13. Bc3 Rg8 14. Rxd7 Kxd7 15. Bxe5 Bxe5 16. Nxf7 Bf4+ 17. Kd1 Rxg2 18. Ke2 Rg7 19. Rd1+ Bd6 20. Nxd6 cxd6 21. Rd3 e5 22. Rh3 Rf7 23. Rc3 d5 24. Rd3 Kd6 25. Rh3 b6 26. Rf3 Rxf3 27. Kxf3 h5 28. Kg3 d4 29. f3 Ke6 30. Kh4 Kf5 31. Kxh5 Kf4 32. h4 Kxf3 33. Kg5 e4 34. h5 e3 35. h6 e2 36. h7 e1=Q 37. h8=Q Qg3+ 38. Kf5 Qf4+ 39. Ke6 Qe4+ 40. Kd6 Qf4+ 41. Kc6 Ke3 42. Kb5 Qf5+ 43. Ka6 Qa5+ 44. Kb7 Qd5+ 45. Kxa7 Qxa2+ 46. Kxb6 Qxb2+ 47. Ka5 Qxc2 48. Qe5+ Kd3 49. Qb5+ Kd2 50. Qg5+ Kc3 51. Qc5+ Kd3 52. Qb5+ Qc4 53. Qb1+ Ke3 54. Qg1+ 1/2-1/2

[Event "GER-ch Youth-U10 2022"]
[Site "Willingen"]
[Date "2022.06.08"]
[Round "7.9"]
[White "Belin, Anton"]
[Black "Bundan, Edward"]
[Result "0-1"]
[ECO "A45"]
[WhiteElo "1213"]
[BlackElo "1240"]
[Annotator "NA RC COMBH"]
[PlyCount "138"]
[EventDate "2022.06.05"]
[EventType "swiss"]
[EventRounds "11"]
[EventCountry "GER"]
[SourceTitle "playchess.com"]
[Source "ChessBase"]
[SourceQuality "1"]
[TimeControl "40/4500+30:900+30"]

1. d4 Nf6 2. Bg5 e6 3. e4 h6 4. Bxf6 Qxf6 5. Nc3 Bb4 6. Nf3 O-O 7. Bd3 d5 8. e5 Qe7 9. O-O c5 10. Ne2 c4 11. c3 cxd3 12. Qxd3 Ba5 13. b4 Bb6 14. a4 a5 15. b5 Rd8 16. Qe3 Nd7 17. h3 Nf8 18. Rfb1 Ng6 19. g3 Bd7 20. h4 Rac8 21. h5 Nf8 22. Nf4 Nh7 23. Nh3 Be8 24. Re1 Rc7 25. Qd2 Rdc8 26. Re3 Rc4 27. Nf4 Ng5 28. Nxg5 Qxg5 29. Kg2 Qe7 30. Ne2 Bd8 31. Nf4 Qc7 32. Ne2 Qb6 33. Nf4 Bg5 34. Rf3 Qc7 35. Ra3 Bxf4 36. Qxf4 Qe7 37. Rb3 Rxa4 38. b6 Qg5 39. Qxg5 hxg5 40. g4 Rcc4 41. Rd3 Ra2 42. Kf3 a4 43. Rb1 a3 44. Rbd1 Rc2 45. Ra1 R2xc3 46. Rxa3 Rxd3+ 47. Rxd3 Rb4 48. Ke3 Rxb6 49. f3 Rb2 50. Rc3 Bc6 51. Kd3 Bb5+ 52. Rc4 Bxc4+ 53. Kc3 Rb3+ 54. Kc2 Rxf3 55. Kd2 Rg3 56. Kc2 Rxg4 57. Kc3 Rh4 58. Kb4 Rxd4 59. Kc3 Rd3+ 60. Kc2 Rh3 61. Kd2 Rxh5 62. Ke3 b5 63. Kd4 b4 64. Ke3 b3 65. Kd2 b2 66. Kc2 Rh2+ 67. Kb1 Bd3+ 68. Ka2 b1=Q+ 69. Ka3 Ra2# 0-1

[Event "GER-ch Youth-U10 2022"]
[Site "Willingen"]
[Date "2022.06.08"]
[Round "7.10"]
[White "Sheng, Ming"]
[Black "Fischer, Quirin"]
[Result "0-1"]
[ECO "B34"]
[WhiteElo "1258"]
[BlackElo "1195"]
[Annotator "NA RC COMBH"]
[PlyCount "54"]
[EventDate "2022.06.05"]
[EventType "swiss"]
[EventRounds "11"]
[EventCountry "GER"]
[SourceTitle "playchess.com"]
[Source "ChessBase"]
[SourceQuality "1"]
[TimeControl "40/4500+30:900+30"]

1. e4 c5 2. Nf3 Nc6 3. d4 cxd4 4. Nxd4 g6 5. Nc3 Bg7 6. Be3 Nf6 7. Nxc6 bxc6 8. e5 Nd5 9. Nxd5 cxd5 10. Qxd5 Rb8 11. Bxa7 Rxb2 12. Bd4 Rb4 13. Bc3 Bb7 14. Qc5 Re4+ 15. Kd1 O-O 16. Ba5 Qa8 17. Bc3 d6 18. Qb6 Bxe5 19. Bxe5 Rxe5 20. f3 Bxf3+ 21. Kc1 Qa3+ 22. Kd2 Rd5+ 23. Ke1 Qc3+ 24. Kf2 Rd2+ 25. Kg1 Qxa1 26. gxf3 Kg7 27. Qe3 Rxc2 0-1

[Event "GER-ch Youth-U10 2022"]
[Site "Willingen"]
[Date "2022.06.08"]
[Round "7.11"]
[White "Peglau, Paul David"]
[Black "Teng, David"]
[Result "1/2-1/2"]
[ECO "D37"]
[WhiteElo "1623"]
[BlackElo "1423"]
[Annotator "NA RC COMBH"]
[PlyCount "83"]
[EventDate "2022.06.05"]
[EventType "swiss"]
[EventRounds "11"]
[EventCountry "GER"]
[SourceTitle "playchess.com"]
[Source "ChessBase"]
[SourceQuality "1"]
[TimeControl "40/4500+30:900+30"]

1. d4 d5 2. c4 e6 3. Nc3 Nf6 4. Nf3 Be7 5. Bf4 c5 6. cxd5 Nxd5 7. Nxd5 Qxd5 8. dxc5 Qxc5 9. Rc1 Qa5+ 10. Qd2 Qxd2+ 11. Nxd2 Nc6 12. e3 O-O 13. Be2 e5 14. Bg3 Be6 15. Bc4 Bf5 16. O-O e4 17. Bd5 Rad8 18. Bxe4 Rxd2 19. Bxf5 Rxb2 20. Rb1 Rxb1 21. Rxb1 Rd8 22. Kf1 b6 23. Ke2 Bd6 24. Rd1 Bxg3 25. Rxd8+ Nxd8 26. hxg3 Nc6 27. Kd2 Kf8 28. Kc3 g6 29. Be4 Ne5 30. f3 Ke7 31. Kb4 Kd6 32. a4 f5 33. Bc2 Kc6 34. e4 a5+ 35. Kc3 fxe4 36. Bxe4+ Kc5 37. f4 Nc4 38. g4 Ne3 39. f5 Nxg4 40. fxg6 hxg6 41. Bxg6 b5 42. axb5 1/2-1/2

[Event "GER-ch Youth-U10 2022"]
[Site "Willingen"]
[Date "2022.06.08"]
[Round "7.12"]
[White "Hellriegel, Hannes"]
[Black "Gersemann, Karl"]
[Result "0-1"]
[ECO "C50"]
[WhiteElo "1335"]
[BlackElo "1620"]
[Annotator "NA RC COMBH"]
[PlyCount "98"]
[EventDate "2022.06.05"]
[EventType "swiss"]
[EventRounds "11"]
[EventCountry "GER"]
[SourceTitle "playchess.com"]
[Source "ChessBase"]
[SourceQuality "1"]
[TimeControl "40/4500+30:900+30"]

1. e4 e5 2. Nf3 Nc6 3. Bc4 Bc5 4. Nc3 d6 5. h3 Nf6 6. d3 h6 7. O-O Be6 8. Bb3 Qd7 9. Bxe6 fxe6 10. b3 O-O 11. Bb2 a6 12. Na4 Ba7 13. c4 b5 14. Nc3 b4 15. Ne2 Nh5 16. d4 exd4 17. Nfxd4 Nxd4 18. Nxd4 Nf4 19. Ne2 Qf7 20. Nxf4 Qxf4 21. Qe2 e5 22. Bc1 Qg3 23. Be3 Bxe3 24. Qxe3 Qxe3 25. fxe3 Rxf1+ 26. Rxf1 a5 27. Rc1 c5 28. Rd1 Ra6 29. Rd5 Kf7 30. Kf2 Ke6 31. Kg3 a4 32. Kh4 axb3 33. axb3 g6 34. g4 Ra1 35. g5 h5 36. Rd3 Rc1 37. Kg3 Rc3 38. Rd2 Rxb3 39. Re2 Rb1 40. h4 Rc1 41. Rf2 b3 42. Rf6+ Ke7 43. Rxg6 b2 44. Rh6 b1=Q 45. g6 Rg1+ 46. Kh2 Qf1 47. Rh7+ Ke6 48. Re7+ Kxe7 49. g7 Qg2# 0-1